[ AOE2 MATCH · #507278226 ]
UnrankedGurjaras vs Mongols
Player's team · LOSS
[ REPLAY ANALYSIS · EXTRACTED FROM THE RECORDED GAME ]
Feudal
—
Castle
—
Imperial
—
| APM avg | 21.8 |
| APM peak | 52 |
| eAPM avg | 13.1 |
| Villagers / military | 120 / 122 |
Focus
⚔️ 29.2% · 🌾 70.8%
Scout Cavalry ×72 · Camel Scout ×24 · Elephant Archer ×9 · Skirmisher ×5 · Shrivamsha Rider ×5 · Trebuchet (Packed) ×4
Feudal
—
Castle
—
Imperial
—
| APM avg | 45.6 |
| APM peak | 89 |
| eAPM avg | 26.7 |
| Villagers / military | 176 / 58 |
Focus
⚔️ 24.6% · 🌾 75.4%
Scorpion ×26 · Mangonel ×19 · Fishing Ship ×9 · Battering Ram ×8 · Monk ×2 · Spearman ×2
Match map
Initial resources + every placement click. Lines = walls · curves = elevation contours. ◆ gold · ⬟ stone · ● berries · ✦ relic · ◌ wall gap
Your base· ✓ Closed at 18:20 · 30t walls · 1 gate(s)
u's base· ✓ Closed at 16:51 · 44t walls · no gate
Smoothed initial terrain · ◌ = detected wall gap · hover for details
Inputs per minute
— vN eRaaz - - u
Build order — vN eRaaz
First 150 of 297 actions detected
| 0:01 | Queue | Villager (Male) |
| 0:02 | Queue | Villager (Male) |
| 0:02 | Queue | Villager (Male) |
| 0:02 | Queue | Villager (Male) |
| 0:05 | Build | House |
| 0:07 | Build | House |
| 0:46 | Build | Mill |
| 1:40 | Research | Loom |
| 1:53 | Queue | Villager (Male) |
| 1:53 | Queue | Villager (Male) |
| 2:02 | Queue | Villager (Male) |
| 2:02 | Queue | Villager (Male) |
| 2:32 | Queue | Villager (Male) |
| 2:32 | Queue | Villager (Male) |
| 2:50 | Queue | Villager (Male) |
| 2:50 | Queue | Villager (Male) |
| 3:05 | Queue | Villager (Male) |
| 4:00 | Queue | Villager (Male) |
| 4:00 | Queue | Villager (Male) |
| 4:07 | Build | House |
| 4:19 | Build | House |
| 4:37 | Queue | Villager (Male) |
| 4:37 | Queue | Villager (Male) |
| 4:38 | Queue | Villager (Male) |
| 4:49 | Build | House |
| 4:52 | Queue | Villager (Male) |
| 5:08 | Build | Lumber Camp |
| 5:25 | Queue | Villager (Male) |
| 5:25 | Queue | Villager (Male) |
| 5:52 | Queue | Villager (Male) |
| 6:20 | Research | Loom |
| 7:41 | Research | Feudal Age |
| 8:26 | Queue | Villager (Male) |
| 8:38 | Build | Barracks |
| 8:44 | Build | House |
| 8:48 | Build | Palisade Wall |
| 8:57 | Queue | Villager (Male) |
| 9:47 | Build | House |
| 9:51 | Build | Palisade Wall |
| 10:10 | Build | Stable |
| 10:15 | Build | Palisade Wall |
| 10:17 | Build | Palisade Wall |
| 10:19 | Queue | Villager (Male) |
| 10:49 | Research | Double-Bit Axe |
| 10:52 | Queue | Villager (Male) |
| 11:08 | Queue | Spearman |
| 11:08 | Queue | Spearman |
| 11:17 | Build | House |
| 11:25 | Build | Palisade Wall |
| 11:27 | Queue | Villager (Male) |
| 11:28 | Queue | Villager (Male) |
| 11:32 | Build | Farm |
| 11:33 | Build | Farm |
| 11:41 | Queue | Spearman |
| 11:56 | Build | House |
| 12:08 | Queue | Villager (Male) |
| 12:17 | Build | Farm |
| 12:17 | Build | Farm |
| 12:17 | Build | Farm |
| 12:17 | Build | Farm |
| 12:30 | Build | Palisade Gate |
| 12:31 | Build | House |
| 12:35 | Build | Palisade Wall |
| 12:44 | Build | Palisade Wall |
| 12:49 | Queue | Villager (Male) |
| 12:49 | Queue | Villager (Male) |
| 13:12 | Build | Lumber Camp |
| 13:25 | Research | Horse Collar |
| 13:26 | Queue | Villager (Male) |
| 13:37 | Queue | Villager (Male) |
| 14:05 | Build | Farm |
| 14:07 | Build | Farm |
| 14:19 | Build | Farm |
| 14:22 | Queue | Villager (Male) |
| 14:22 | Queue | Villager (Male) |
| 14:36 | Build | Mining Camp |
| 14:52 | Build | Blacksmith |
| 14:54 | Build | House |
| 14:57 | Queue | Villager (Male) |
| 15:14 | Queue | Villager (Male) |
| 15:44 | Queue | Villager (Male) |
| 15:45 | Queue | Villager (Male) |
| 15:51 | Build | Farm |
| 15:51 | Build | Farm |
| 15:51 | Build | Farm |
| 15:52 | Build | Farm |
| 16:11 | Queue | Villager (Male) |
| 16:31 | Build | Market |
| 16:36 | Build | House |
| 16:37 | Build | House |
| 16:40 | Queue | Villager (Male) |
| 16:50 | Build | Farm |
| 16:51 | Build | Farm |
| 16:51 | Build | Farm |
| 16:52 | Build | Farm |
| 17:31 | Build | Farm |
| 17:38 | Queue | Villager (Male) |
| 18:20 | Research | Castle Age |
| 18:29 | Build | Stable |
| 18:32 | Build | House |
| 18:37 | Build | House |
| 18:40 | Build | House |
| 18:43 | Build | House |
| 18:50 | Build | Farm |
| 18:50 | Build | Farm |
| 18:59 | Research | Gold Mining |
| 19:11 | Build | House |
| 19:12 | Build | House |
| 19:16 | Build | House |
| 19:18 | Build | House |
| 19:20 | Build | House |
| 19:25 | Build | Farm |
| 19:33 | Research | Scale Barding Armor |
| 19:35 | Research | Forging |
| 19:43 | Queue | Camel Scout |
| 20:06 | Research | Bloodlines |
| 20:22 | Build | Farm |
| 20:28 | Queue | Camel Scout |
| 20:28 | Queue | Camel Scout |
| 20:28 | Queue | Camel Scout |
| 21:16 | Queue | Camel Scout |
| 21:16 | Queue | Camel Scout |
| 21:20 | Queue | Villager (Male) |
| 21:20 | Queue | Villager (Male) |
| 21:24 | Build | Town Center |
| 21:36 | Research | Fletching |
| 21:55 | Research | Wheelbarrow |
| 22:01 | Queue | Villager (Male) |
| 22:07 | Queue | Camel Scout |
| 22:30 | Queue | Villager (Male) |
| 22:30 | Queue | Villager (Male) |
| 22:32 | Queue | Villager (Male) |
| 22:45 | Build | Town Center |
| 22:54 | Queue | Villager (Male) |
| 22:55 | Queue | Villager (Male) |
| 22:59 | Queue | Camel Scout |
| 23:33 | Queue | Villager (Male) |
| 23:56 | Queue | Villager (Male) |
| 24:13 | Queue | Villager (Male) |
| 24:13 | Queue | Villager (Male) |
| 24:25 | Research | Bow Saw |
| 24:39 | Queue | Villager (Male) |
| 24:39 | Queue | Villager (Male) |
| 24:42 | Queue | Villager (Male) ×5 |
| 24:58 | Research | Town Watch |
| 25:08 | Queue | Villager (Male) ×5 |
| 25:24 | Research | Stone Mining |
| 25:27 | Queue | Villager (Male) ×2 |
| 25:38 | Build | Archery Range |
| 25:47 | Build | Farm |
Build order — u
First 150 of 482 actions detected
| 0:01 | Queue | Villager (Male) |
| 0:02 | Build | House |
| 0:03 | Build | House |
| 0:06 | Queue | Villager (Male) ×3 |
| 1:25 | Queue | Villager (Male) |
| 1:50 | Build | Lumber Camp |
| 2:02 | Queue | Villager (Male) |
| 2:19 | Queue | Villager (Male) |
| 2:48 | Queue | Villager (Male) |
| 2:48 | Queue | Villager (Male) |
| 3:02 | Queue | Villager (Male) |
| 3:34 | Queue | Villager (Male) |
| 3:57 | Queue | Villager (Male) |
| 3:59 | Build | House |
| 4:13 | Build | Palisade Wall |
| 4:18 | Queue | Villager (Male) |
| 4:56 | Queue | Villager (Male) ×2 |
| 5:01 | Build | Mill |
| 5:05 | Build | House |
| 5:06 | Build | Palisade Wall |
| 5:42 | Queue | Villager (Male) |
| 5:52 | Build | Dock |
| 6:06 | Queue | Villager (Male) |
| 6:08 | Build | House |
| 6:27 | Build | House |
| 6:31 | Queue | Villager (Male) |
| 6:53 | Queue | Villager (Male) |
| 7:02 | Queue | Fishing Ship |
| 7:05 | Build | Palisade Wall |
| 7:32 | Research | Feudal Age |
| 7:35 | Build | Mill |
| 7:43 | Research | Loom |
| 7:56 | Build | Palisade Wall |
| 8:08 | Build | House |
| 8:28 | Build | House |
| 8:30 | Build | House |
| 8:38 | Queue | Fishing Ship |
| 9:17 | Build | Palisade Wall |
| 9:33 | Queue | Fishing Ship |
| 9:51 | Research | Double-Bit Axe |
| 9:56 | Research | Horse Collar |
| 10:26 | Queue | Villager (Male) |
| 10:29 | Queue | Galley |
| 10:46 | Build | Fish Trap |
| 10:52 | Build | Palisade Wall |
| 10:55 | Queue | Villager (Male) |
| 11:15 | Build | Palisade Wall |
| 11:21 | Queue | Fishing Ship |
| 11:22 | Queue | Villager (Male) |
| 11:46 | Queue | Villager (Male) |
| 11:49 | Build | Lumber Camp |
| 12:00 | Queue | Fishing Ship |
| 12:03 | Build | Farm |
| 12:06 | Queue | Villager (Male) |
| 12:16 | Build | Fish Trap |
| 12:25 | Research | Town Watch |
| 12:34 | Queue | Villager (Male) |
| 12:35 | Build | Farm |
| 12:44 | Build | Farm |
| 12:54 | Build | Fish Trap |
| 12:59 | Build | Farm |
| 13:08 | Build | Palisade Wall |
| 13:08 | Build | Palisade Wall |
| 13:23 | Queue | Villager (Male) |
| 13:28 | Build | Barracks |
| 13:37 | Build | Palisade Wall |
| 13:39 | Build | Palisade Wall |
| 13:45 | Build | Palisade Wall |
| 13:53 | Build | Palisade Wall |
| 13:53 | Queue | Villager (Male) |
| 13:56 | Build | House |
| 14:01 | Build | Palisade Wall |
| 14:02 | Queue | Villager (Male) |
| 14:07 | Build | Farm |
| 14:08 | Build | Farm |
| 14:25 | Build | Mining Camp |
| 14:30 | Research | Tech 906 |
| 14:33 | Queue | Villager (Male) |
| 15:02 | Queue | Fishing Ship |
| 15:09 | Queue | Villager (Male) |
| 15:11 | Build | House |
| 15:22 | Build | Market |
| 15:31 | Queue | Villager (Male) |
| 15:56 | Build | Blacksmith |
| 15:58 | Queue | Villager (Male) |
| 16:11 | Build | Fish Trap |
| 16:12 | Queue | Villager (Male) |
| 16:24 | Queue | Spearman |
| 16:37 | Build | Fish Trap |
| 16:51 | Research | Castle Age |
| 17:03 | Build | Fish Trap |
| 17:25 | Queue | Fishing Ship |
| 17:30 | Build | Palisade Gate |
| 18:10 | Build | Fish Trap |
| 18:12 | Queue | Fishing Ship |
| 18:16 | Research | Fletching |
| 18:49 | Queue | Spearman |
| 18:58 | Build | Fish Trap |
| 19:00 | Queue | Fishing Ship |
| 19:11 | Queue | Villager (Male) |
| 19:33 | Build | Town Center |
| 19:39 | Queue | Villager (Male) |
| 19:40 | Build | Monastery |
| 19:48 | Build | Fish Trap |
| 19:52 | Research | Bow Saw |
| 20:10 | Queue | Villager (Male) |
| 20:12 | Build | Town Center |
| 20:30 | Queue | Monk |
| 20:32 | Research | Heavy Plow |
| 20:36 | Queue | Villager (Male) |
| 20:49 | Queue | Villager (Male) |
| 20:51 | Build | Palisade Wall |
| 20:53 | Build | Palisade Wall |
| 20:55 | Queue | Villager (Male) |
| 20:59 | Build | Lumber Camp |
| 21:01 | Queue | Villager (Male) |
| 21:04 | Build | Farm |
| 21:14 | Build | Outpost |
| 21:15 | Build | Outpost |
| 21:21 | Queue | Villager (Male) |
| 21:33 | Queue | Villager (Male) |
| 21:35 | Queue | Villager (Male) |
| 21:39 | Build | Outpost |
| 21:40 | Build | Outpost |
| 21:40 | Queue | Villager (Male) |
| 21:42 | Build | Farm |
| 21:43 | Build | Farm |
| 21:46 | Research | Wheelbarrow |
| 21:51 | Queue | Villager (Male) |
| 21:57 | Research | Gillnets |
| 21:57 | Research | Gillnets |
| 22:07 | Queue | Villager (Male) |
| 22:09 | Queue | Monk |
| 22:15 | Build | Gate |
| 22:21 | Queue | Villager (Male) |
| 22:22 | Build | Farm |
| 22:23 | Build | Farm |
| 22:25 | Build | House |
| 22:30 | Build | House |
| 22:31 | Build | House |
| 22:38 | Queue | Villager (Male) |
| 22:42 | Build | Outpost |
| 22:43 | Build | Outpost |
| 22:54 | Queue | Villager (Male) |
| 22:59 | Build | Town Center |
| 23:03 | Queue | Villager (Male) |
| 23:07 | Build | Outpost |
| 23:08 | Build | Outpost |
| 23:11 | Queue | Villager (Male) |
| 23:16 | Research | Stone Mining |
Match timeline
| 4:13 | u · wall_segment Palisade Wall x9 |
| 5:06 | u · wall_segment Palisade Wall x4 |
| 5:52 | u · first_building Dock |
| 7:05 | u · wall_segment Palisade Wall x5 |
| 7:56 | u · wall_segment Palisade Wall x5 |
| 8:38 | vN eRaaz · first_building Barracks |
| 8:48 | vN eRaaz · wall_segment Palisade Wall x1 |
| 9:17 | u · wall_segment Palisade Wall x8 |
| 9:51 | vN eRaaz · wall_segment Palisade Wall x3 |
| 10:10 | vN eRaaz · first_building Stable |
| 10:15 | vN eRaaz · wall_segment Palisade Wall x5 |
| 10:17 | vN eRaaz · wall_segment Palisade Wall x7 |
| 10:52 | u · wall_segment Palisade Wall x5 |
| 11:15 | u · wall_segment Palisade Wall x4 |
| 11:25 | vN eRaaz · wall_segment Palisade Wall x5 |
| 12:35 | vN eRaaz · wall_segment Palisade Wall x4 |
| 12:44 | vN eRaaz · wall_segment Palisade Wall x6 |
| 13:08 | u · wall_segment Palisade Wall x1 |
| 13:08 | u · wall_segment Palisade Wall x1 |
| 13:28 | u · first_building Barracks |
| 13:37 | u · wall_segment Palisade Wall x1 |
| 13:39 | u · wall_segment Palisade Wall x1 |
| 13:45 | u · wall_segment Palisade Wall x1 |
| 13:53 | u · wall_segment Palisade Wall x1 |
| 14:01 | u · wall_segment Palisade Wall x1 |
| 18:19 | vN eRaaz · first_market_sell 100 food |
| 19:06 | u · first_market_buy 100 wood |
| 19:40 | u · first_building Monastery |
| 19:56 | u · first_market_sell 100 food |
| 20:51 | u · wall_segment Palisade Wall x1 |
| 20:53 | u · wall_segment Palisade Wall x1 |
| 25:06 | vN eRaaz · first_market_buy 100 food |
| 25:38 | vN eRaaz · first_building Archery Range |
| 25:45 | u · wall_segment Stone Wall x5 |
| 25:48 | u · wall_segment Stone Wall x3 |
| 27:27 | u · wall_segment Stone Wall x6 |
| 27:33 | u · wall_segment Stone Wall x5 |
| 27:40 | u · wall_segment Stone Wall x3 |
| 27:43 | u · wall_segment Stone Wall x2 |
| 28:07 | u · wall_segment Stone Wall x11 |
| 29:17 | u · wall_segment Stone Wall x5 |
| 29:20 | u · wall_segment Stone Wall x6 |
| 29:29 | u · wall_segment Stone Wall x28 |
| 30:38 | u · wall_segment Stone Wall x1 |
| 30:41 | u · wall_segment Stone Wall x1 |
| 31:17 | u · wall_segment Stone Wall x8 |
| 31:20 | u · wall_segment Stone Wall x8 |
| 31:52 | u · first_building Siege Workshop |
| 32:09 | u · first_building Castle |
| 32:21 | vN eRaaz · first_building Monastery |
| 32:53 | u · wall_segment Stone Wall x11 |
| 33:03 | u · wall_segment Stone Wall x5 |
| 33:05 | u · wall_segment Stone Wall x6 |
| 33:21 | vN eRaaz · first_building Castle |
| 37:04 | u · first_building Stable |
| 42:06 | vN eRaaz · resign |
[ AI ANALYSIS · 1 CREDIT ]
What really happened in this match?
Wolo.gg analyzes every decision: build order, eco, micro, common mistakes by bracket. Personalized analysis on WhatsApp or Discord in 30 seconds.
Civ guide
Gurjaras
Perfil
Jugador #14065945